Map: Ultralove

Players

Vicious

  • Race: Terran Terran
  • League: Diamond
  • Spawn Location: 1:00

LigerMaNN - Winner!

  • Race: Zerg Zerg
  • League: Diamond
  • Spawn Location: 7:00

VOD

Have the link to the VOD?

Description

Time

  • Played on: June 29, 2025, 2:47 a.m.
  • Length: 20:46
Show
View Real Time Build Order
Export as new Build Order

Vicious Terran 

Build Orders:  

Get SALT Encoding   

  12  0:00  SCV  
  13  0:12  SCV  
  14  0:17  Supply Depot  
  14  0:25  Refinery  
  14  0:27  SCV  
  15  0:41  Barracks  
  15  0:45  SCV  
  16  0:57  SCV  
  17  1:13  SCV  
  18  1:25  SCV  
  19  1:29  Barracks Reactor  
  19  1:37  Orbital Command  
  19  1:47  Command Center  
  19  1:55  Supply Depot  
  19  2:02  Bunker  
  19  2:05  Marine  
  20  2:08  Marine  
  20  2:12  SCV  
  22  2:27  Marine x2, SCV  
  25  2:38  Bunker  
  25  2:39  SCV  
  26  2:45  Marine x2  
  28  2:51  SCV  
  29  3:00  Orbital Command  
  29  3:11  Command Center, Marine  
  29  3:12  Marine  
  31  3:13  SCV  
  32  3:20  Factory  
  32  3:28  SCV  
  32  3:29  SCV  
  32  3:33  Refinery  
  34  3:40  SCV  
  35  3:47  SCV  
  33  3:50  Marine x2  
  35  3:56  SCV  
  35  3:59  SCV  
  37  4:04  Factory Tech Lab  
  37  4:09  Marine x2  
  39  4:16  Supply Depot  
  39  4:18  SCV  
  39  4:23  Orbital Command  
  38  4:32  Marine x2  
  29  4:42  Hellion  
  27  4:50  Marine x2  
  27  4:52  SCV x2  
  30  4:54  Orbital Command  
  30  5:04  SCV  
  30  5:06  Siege Tank  
  34  5:23  Marine x2  
  34  5:25  Bunker  
  34  5:28  Bunker, SCV  
  36  5:29  SCV x2  
  38  5:54  SCV x3  
  41  5:57  Command Center  
  41  6:00  Command Center  
  41  6:02  Supply Depot  
  41  6:06  SCV x3  
  41  6:10  Siege Tank  
  47  6:15  Supply Depot  
  47  6:18  SCV  
  48  6:24  Marine x2  
  50  6:26  Supply Depot  
  50  6:28  SCV x2  
  52  6:34  Refinery  
  52  6:35  Engineering Bay, SCV  
  53  6:43  SCV  
  53  6:45  Siege Tank  
  53  6:46  SCV  
  58  6:48  SCV  
  59  6:55  Marine x2  
  59  7:00  SCV  
  62  7:02  Missile Turret  
  62  7:04  SCV  
  63  7:15  SCV  
  64  7:25  SCV x2  
  64  7:28  SCV  
  67  7:32  Refinery, Marine x2  
  67  7:36  Planetary Fortress  
  67  7:49  SCV x2  
  67  7:50  Marine  
  71  7:51  SCV  
  71  7:56  Bunker  
  71  7:59  Supply Depot  
  71  8:04  Factory  
  71  8:06  SCV  
  71  8:07  Siege Tank  
  71  8:10  Factory  
  75  8:12  Factory  
  75  8:17  Factory  
  75  8:18  Missile Turret  
  75  8:19  Factory  
  75  8:20  SCV x3  
  78  8:32  Bunker, SCV x2  
  78  8:33  SCV  
  81  8:40  Missile Turret  
  81  8:44  SCV x2  
  81  8:45  SCV  
  84  8:50  Armory  
  84  8:51  Missile Turret, Factory Tech Lab  
  84  8:56  SCV  
  84  8:57  SCV  
  86  9:03  Factory Tech Lab  
  86  9:04  Factory Reactor x2  
  86  9:10  Hi-Sec Auto Tracking, SCV  
  86  9:12  Factory Reactor, Siege Tank  
  86  9:13  Missile Turret, Hellion  
  86  9:14  SCV  
  87  9:24  Hellion  
  87  9:26  Marine  
  90  9:34  Hellion  
  88  9:45  Hellion, Marine  
  90  9:46  Hellion  
  90  9:47  Hellion x2  
  90  9:48  Hellion, SCV x2  
  90  9:51  Marine  
  90  9:52  Hellion x2  
  105  9:56  Hellion  
  82  10:00  SCV x2  
  82  10:01  SCV  
  82  10:06  Hellion  
  87  10:07  Hellion, Planetary Fortress  
  87  10:12  SCV x2  
  87  10:13  SCV  
  92  10:17  Hellion  
  94  10:24  SCV x2  
  94  10:25  SCV  
  94  10:28  Hellion  
  99  10:31  Siege Tank  
  99  10:32  Hellion x3, Terran Vehicle Weapons Level 1  
  99  10:33  Infernal Pre-Igniter  
  108  10:36  SCV x2, Armory  
  108  10:37  Hellion x3, SCV  
  108  10:39  Hellion  
  119  10:43  Missile Turret x2  
  119  10:47  Refinery  
  119  10:48  Refinery, SCV x2  
  119  10:49  Refinery, SCV x2  
  123  10:55  Supply Depot  
  123  10:57  Supply Depot  
  123  10:59  Supply Depot  
  123  11:01  Marine  
  123  11:02  Siege Tank, SCV x3  
  130  11:09  SCV  
  131  11:13  Starport  
  131  11:16  SCV x2  
  131  11:17  SCV  
  134  11:21  SCV  
  134  11:22  Refinery  
  135  11:27  Missile Turret  
  135  11:29  SCV x3  
  135  11:31  Missile Turret, Smart Servos  
  138  11:33  Terran Vehicle And Ship Armor Level 1, SCV  
  138  11:35  Neosteel Armor  
  139  11:41  SCV x3  
  139  11:45  SCV  
  143  11:48  SCV  
  143  11:53  SCV x3  
  147  11:54  Factory  
  147  11:57  Siege Tank, SCV  
  147  11:58  Siege Tank  
  147  12:00  Command Center, SCV  
  155  12:04  Starport Reactor  
  155  12:11  SCV  
  155  12:12  Hellion, Supply Depot, Starport  
  155  12:13  Hellion x2, Siege Tank, SCV x2  
  134  12:23  Hellion x2  
  134  12:25  Marine  
  134  12:26  Hellion  
  132  12:34  Hellion x3, SCV x2  
  132  12:36  Hellion  
  128  12:37  Hellion  
  128  12:40  SCV x2  
  128  12:44  Medivac x2  
  130  12:45  Thor  
  130  12:47  Hellion  
  130  12:51  Orbital Command  
  140  13:07  Missile Turret  
  140  13:08  Missile Turret  
  140  13:14  Command Center  
  140  13:19  Missile Turret  
  140  13:21  Missile Turret  
  135  13:36  SCV x3  
  135  13:39  Marine  
  132  13:41  Missile Turret  
  132  13:45  Siege Tank  
  132  13:49  Marine  
  132  13:55  SCV  
  132  13:57  SCV  
  132  13:58  Missile Turret  
  132  14:01  Thor, SCV  
  113  14:03  Factory  
  113  14:04  SCV, Armory  
  113  14:07  Hellion  
  113  14:08  Hellion, Factory  
  95  14:11  Factory  
  95  14:12  SCV x2  
  95  14:13  SCV  
  95  14:15  Widow Mine x3  
  95  14:16  Viking, SCV  
  106  14:17  Widow Mine  
  106  14:18  Viking  
  106  14:24  Missile Turret, SCV  
  111  14:29  Widow Mine x2  
  111  14:32  SCV  
  111  14:33  SCV x2  
  111  14:37  Factory Tech Lab x3  
  114  14:43  Terran Vehicle Weapons Level 2  
  114  14:44  Terran Vehicle And Ship Armor Level 2  
  114  14:49  Factory Tech Lab  
  114  14:56  SCV x2  
  114  14:57  Orbital Command, SCV  
  118  15:00  SCV  
  118  15:08  SCV x2  
  118  15:09  SCV  
  118  15:12  Starport Tech Lab  
  118  15:13  Starport Reactor  
  121  15:14  Missile Turret  
  121  15:16  Missile Turret  
  121  15:18  Command Center  
  121  15:21  Missile Turret  
  121  15:22  Marine  
  121  15:23  Hellion, Hellbat  
  121  15:24  Thor, Missile Turret  
  121  15:26  Hellion x4  
  121  15:27  Factory Tech Lab  
  121  15:28  Factory Tech Lab x2  
  140  15:29  Missile Turret  
  140  15:37  SCV x2  
  140  15:38  Missile Turret  
  140  15:39  Marine  
  140  15:40  Missile Turret  
  143  15:42  Missile Turret  
  143  15:44  Hellion  
  143  15:45  Hellion  
  147  15:52  Orbital Command  
  147  16:01  Supply Depot  
  147  16:02  Hellion  
  147  16:05  Marine  
  147  16:06  Supply Depot  
  147  16:07  Hellion  
  147  16:08  SCV  
  138  16:17  Hellion x3, SCV  
  139  16:22  Thor, Hellion x3  
  139  16:23  Hellion, Marine  
  139  16:25  Hellion, SCV x2  
  137  16:26  SCV  
  137  16:28  Hellion  
  141  16:38  Hellion x3  
  147  16:43  Hellion x2  
  147  16:44  Hellion x2, Raven  
  147  16:46  Hellion  
  159  16:49  Hellion  
  161  16:54  Missile Turret, SCV  
  161  16:55  SCV x4  
  161  16:59  Hellion x2  
  170  17:06  Factory  
  170  17:14  Refinery  
  170  17:20  Refinery  
  170  17:21  SCV  
  170  17:40  Hellion x3  
  170  17:41  Hellion x6, SCV x3, Raven  
  170  17:42  Hellion, SCV  
  111  17:53  Marine  
  111  17:54  SCV  
  111  18:01  Hellion x2  
  111  18:02  Hellion x2  
  111  18:03  Hellion x6  
  114  18:23  Hellion x2  
  114  18:24  Thor, Hellion x5  
  107  18:43  Orbital Command  
  107  18:45  Hellion x2  
  107  18:46  Hellion x4  
  117  18:53  Raven, Medivac  
  116  19:02  SCV  
  116  19:03  SCV  
  116  19:06  Thor, Hellion  
  131  19:21  Refinery  
  131  19:23  Supply Depot  
  131  19:24  Supply Depot  
  131  19:25  SCV x4  
  131  19:26  Hellion x2, SCV  
  131  19:27  Hellion  
  131  19:28  Thor x2  
  132  19:33  Hellion  
  122  19:47  Hellion  
  122  19:48  Hellion x2  
  122  19:50  Hellion  
  124  19:54  Hellion  
  126  20:00  Missile Turret  
  126  20:01  Missile Turret  
  123  20:08  Hellion  
  123  20:09  Hellion x2, SCV  
  123  20:12  Hellion  
  140  20:16  Hellion  
Show
View Real Time Build Order
Export as new Build Order

LigerMaNN Zerg - Winner!

Build Orders: Hatch First 

Get SALT Encoding   

  12  0:01  Drone  
  13  0:13  Overlord  
  13  0:16  Drone  
  14  0:31  Drone x2  
  14  0:34  Drone  
  17  0:51  Hatchery  
  17  0:54  Drone  
  17  0:56  Drone  
  18  1:08  Extractor  
  17  1:12  Spawning Pool  
  17  1:14  Drone  
  17  1:17  Drone  
  18  1:28  Drone  
  19  1:43  Overlord  
  19  2:02  Queen x2  
  19  2:04  Zergling x6  
  26  2:11  Metabolic Boost  
  26  2:15  Zergling x4  
  28  2:29  Zergling x4  
  30  2:34  Overlord  
  30  2:55  Hatchery  
  29  3:00  Baneling Nest  
  28  3:10  Drone x2  
  28  3:11  Drone x2  
  32  3:14  Zergling x2  
  32  3:15  Zergling x2  
  32  3:18  Zergling x2  
  35  3:22  Zergling x2  
  36  3:29  Overlord  
  29  3:51  Zergling x12  
  29  3:53  Baneling  
  29  3:54  Baneling x4  
  35  3:55  Baneling  
  35  4:03  Zergling x6  
  35  4:08  Zergling x2  
  35  4:09  Zergling x2  
  28  4:47  Drone x3  
  28  4:48  Drone x11  
  42  4:57  Overlord  
  42  5:02  Drone  
  42  5:03  Drone x2  
  42  5:04  Drone  
  45  5:10  Drone x2, Extractor  
  45  5:11  Drone  
  47  5:16  Queen  
  49  5:22  Overlord  
  49  5:23  Overlord  
  49  5:28  Drone x3  
  52  5:30  Drone  
  52  5:45  Evolution Chamber  
  52  5:46  Evolution Chamber  
  52  5:47  Drone x2  
  52  5:48  Drone x6  
  58  5:54  Zergling x4  
  60  5:58  Zergling x6  
  60  5:59  Zergling x4  
  60  6:00  Zergling x2  
  66  6:24  Drone x3  
  69  6:25  Zerg Melee Weapons Level 1  
  69  6:26  Zerg Ground Armor Level 1  
  69  6:27  Lair  
  69  6:31  Zergling x10  
  74  6:35  Baneling x9  
  74  6:36  Baneling  
  74  6:39  Overlord  
  74  6:40  Overlord x4  
  74  7:07  Queen  
  74  7:08  Queen  
  77  7:15  Hatchery  
  77  7:17  Zergling x30  
  91  7:25  Hatchery  
  90  7:33  Drone x5  
  95  7:38  Centrifugal Hooks, Extractor  
  95  7:39  Extractor  
  92  7:49  Pneumatized Carapace  
  90  8:05  Drone x3  
  93  8:06  Drone x3  
  93  8:08  Drone x6  
  93  8:10  Extractor  
  101  8:12  Extractor, Queen  
  101  8:14  Queen  
  104  8:26  Zergling x18  
  113  8:42  Zergling x10  
  118  8:48  Drone x2  
  118  8:49  Drone x5  
  125  9:01  Zerg Melee Weapons Level 2, Zerg Ground Armor Level 2  
  123  9:06  Infestation Pit  
  123  9:07  Spire  
  123  9:08  Drone x4  
  125  9:10  Overlord x7  
  124  9:25  Drone x2  
  124  9:27  Overlord x7  
  124  9:28  Overlord x2  
  122  9:44  Drone x2  
  122  9:45  Drone x4  
  96  10:01  Zergling x24  
  108  10:15  Zergling x14  
  108  10:20  Zerg Flyer Weapons Level 1  
  108  10:21  Mutalisk x5  
  125  10:31  Zergling x8  
  125  10:32  Baneling  
  125  10:33  Baneling x23  
  129  10:46  Zergling x24  
  129  10:47  Zergling x8  
  145  10:51  Hive  
  145  10:52  Mutalisk x3  
  145  10:55  Mutalisk  
  153  11:06  Zergling x20  
  153  11:08  Mutalisk x2  
  153  11:09  Hatchery  
  166  11:23  Queen  
  166  11:25  Mutalisk x3  
  170  11:28  Zergling x22  
  185  11:33  Baneling  
  185  11:34  Baneling x4  
  185  11:35  Baneling  
  127  12:40  Zergling x24  
  127  12:41  Zergling x44  
  159  12:56  Zergling x18  
  168  13:02  Baneling x22  
  168  13:03  Zergling x12, Baneling x14  
  168  13:04  Zergling x2  
  173  13:27  Zergling x20  
  173  13:28  Zergling x16  
  173  13:30  Baneling x10  
  173  13:31  Zergling x10, Baneling x16  
  194  13:51  Zergling x10  
  197  13:55  Zerg Melee Weapons Level 3  
  197  13:56  Zerg Ground Armor Level 3  
  197  13:57  Zerg Flyer Weapons Level 2  
  197  14:02  Ultralisk Cavern  
  145  14:21  Mutalisk x3  
  151  14:26  Drone x3, Extractor  
  151  14:27  Drone, Extractor  
  151  14:28  Drone x2  
  153  14:31  Drone x2, Extractor  
  153  14:32  Drone  
  153  14:33  Drone x3, Extractor  
  153  14:35  Zergling x46  
  153  14:36  Zergling x2  
  177  14:39  Mutalisk  
  177  14:40  Mutalisk x2  
  177  14:43  Mutalisk  
  185  14:59  Mutalisk x3  
  187  15:06  Chitinous Plating  
  191  15:10  Zergling x16  
  199  15:24  Hatchery  
  175  16:14  Zergling x36  
  175  16:15  Zergling x28  
  162  16:28  Zergling x24  
  169  16:45  Ultralisk x5  
  198  16:47  Baneling x8  
  198  16:48  Baneling x31  
  198  16:49  Baneling x19  
  198  16:50  Zergling x4  
  151  17:46  Zergling x52  
  151  17:47  Zergling x28  
  190  17:56  Corruptor x5  
  177  18:30  Corruptor x2  
  177  18:31  Corruptor x5  
  179  18:34  Zergling x12  
  179  18:35  Zergling x28  
  170  19:00  Zergling x40  
  170  19:01  Zergling x2  
  190  19:17  Ultralisk x2  
  190  19:21  Baneling x3  
  190  19:22  Baneling x16  
  158  19:46  Ultralisk  
  158  19:47  Ultralisk x6  
  158  19:49  Zergling x2  
  158  19:50  Zergling x2  
  199  20:22  Zergling x2  
Tags
 
Matchup
TvZ
Replay Pack
June 2025
Spawn Locations
Cross Positions
Add a new tag
Caveats
  • Supply blocks, unpowered buildings, or Contaminate may cause inaccurate times.
  • Supply counts are checked every 10 seconds.